 Dungeon Crawl Stone Soup version 0.32-a0-913-g739538afd8 (webtiles) character file.

Game seed: 11434606737849630696

0 pokedragonboy the Charlatan (level 1, -10/15 HPs)
             Began as a Coglin Artificer on Apr 9, 2024.
             Killed themself with a badly aimed iceblast (17 damage)
             ... on level 1 of the Dungeon.
             The game lasted 00:00:21 (37 turns).

pokedragonboy the Charlatan (Coglin Artificer)        Turns: 37, Time: 00:00:21

Health: -10/15     AC:  3    Str: 12    XL:     1   Next: 10%
Magic:  1/1        EV: 10    Int: 10    God:
Gold:   16         SH:  0    Dex: 14    Spells: 0/0 levels left

rFire   . . .        a - +0 club {Ishpreet}
rCold   . . .        f - +0 dagger {Silke}
rNeg    . . .        b - +0 leather armour
rPois   .            (no helmet)
rElec   .            (no cloak)
rCorr   .            (no gloves)
SInv    .            (no boots)
Will    .....        (amulet unavailable)
Stlth   +            (ring unavailable)
HPRegen 0.22/turn    (ring unavailable)
MPRegen 0.07/turn    (no gizmo)

%: no passive effects
@: revved
A: off-hand wielding, slow wielding, warmup strikes, no jewellery
a: Invent Gizmo


You were on level 1 of the Dungeon.
You visited 1 branch of the dungeon, and saw 1 of its levels.

You collected 16 gold pieces.

Inventory:

Hand Weapons
 a - a +0 club (weapon) {Ishpreet}
 f - a +0 dagger (offhand) {Silke}
Armour
 b - a +0 leather armour (worn)
Wands
 c - a wand of flame (15) (quivered)
 d - a wand of charming (15)
 e - a wand of iceblast (5)


   Skills:
 + Level 1.0 Fighting
 + Level 0.0 Axes
 + Level 1.8 Armour
 - Level 0.8 Dodging
 - Level 0.7 Stealth
 + Level 0.0 Invocations
 * Level 4.0 Evocations


You couldn't memorise any spells.
You didn't know any spells.
Your spell library was empty.

Dungeon Overview and Level Annotations

Branches:
Dungeon (1/15)

Altars:


Innate Abilities, Weirdness & Mutations

You can wield a second weapon in your off-hand.
It takes a long time for you to wield or remove held weapons.
Your first few attacks do less damage.
You cannot equip rings or amulets.


Message History

No target in view!
HP restored.
You now have 16 gold pieces.
A jackal comes into view.
You see here 15 gold pieces.
A jackal is nearby!
A jackal comes into view.
The jackal barks!
A giant cockroach comes into view.
The jackal bites you.
You completely miss the jackal with your +0 club.
You hit the jackal but do no damage. The jackal misses you.
The jackal closely misses you.
The giant cockroach waves its antennae.
The jackal barely misses you.
You closely miss the jackal with your +0 club.
You barely miss the jackal with your +0 dagger.
The jackal bites you but does no damage.
The jackal misses you. The jackal bites you.
You barely miss the jackal with your +0 club.
You hit the jackal with your +0 dagger. The jackal barely misses you.
The jackal bites you. The jackal misses you.
You hit the jackal with your +0 dagger.
The jackal is heavily wounded.
You closely miss the jackal with your +0 club.
The jackal bites you but does no damage.
The jackal bites you.
The jackal bites you but does no damage.
The giant cockroach misses you.
You are too injured to fight recklessly!
Unknown command.
You aren't carrying any scrolls.
Aiming: Iceblast
Press: ? - help, Shift-Dir - straight line, f - jackal
Aim: a jackal The mass of ice explodes!
The iceblast engulfs the jackal!
You kill the jackal!
The iceblast engulfs you!
Ouch! That really hurt!
You die...

#. #.# #.# #.#####
#.##..## #######.#....#
#########
.............###...ß...#
......h......##..ß...ß..
.......@.#..$#ß.........
......B..#......ß..(..ß.
#######.##...#ß.........
#.##...##..ß.<.ß..
#.#....###...ß...#
#...)..# #########
#.....## ###.### #.


You could see a jackal and a giant cockroach.

Vanquished Creatures
  A jackal (D:1)
  A kobold (D:1)
2 creatures vanquished.

Notes
Turn   | Place    | Note
-------+----------+-------------------------------------------
     0 | D:1      | pokedragonboy the Coglin Artificer began the quest for the
                  | Orb.
     0 | D:1      | Reached XP level 1. HP: 15/15 MP: 1/1
    37 | D:1      | Killed themself with a badly aimed iceblast

Illustrated notes

Levels and vault maps discovered:
D:1:      erik_arrival_orb_chamber, layout_basic

Action                     || total
---------------------------++-------
  Melee: Dagger            ||     6
         Club              ||     5
 Armour: Leather armour    ||     9
  Dodge: Dodged            ||     8

Table legend: (Time is in decaauts)
 A = Elapsed time spent in this place.
 B = Non-inter-level travel time spent in this place.
 C = Inter-level travel time spent in this place.
 D = Time resting spent in this place.
 E = Time spent auto-exploring this place.
 F = Levels seen in this place.
 G = Mean time per level.
                   A        B        C        D        E       F      G
               +--------+--------+--------+--------+--------+-----+--------+
         Total |     37 |     37 |      0 |      0 |     21 |   1 |   37.0 |
       Dungeon |     37 |     37 |      0 |      0 |     21 |   1 |   37.0 |
               +--------+--------+--------+--------+--------+-----+--------+

Top non-repeatable levels by time:
     D:1: 37 daAuts
